 Dungeon Crawl Stone Soup version 0.23.2-30-g0e89c35649 (webtiles) character file.

Game seed: 7174111397386553848

16094 Zasran the Basher (level 12, 0/116 HPs)
             Began as a Minotaur Berserker on June 10, 2019.
             Was a High Priest of Trog.
             Slain by a killer bee (9 damage)
             ... on level 11 of the Dungeon on June 11, 2019.
             The game lasted 02:01:06 (14756 turns).

Zasran the Basher (Minotaur Berserker)             Turns: 14756, Time: 02:01:07

Health: 0/116      AC:  6    Str: 24    XL:     12   Next: 7%
Magic:  0/11       EV: 12    Int:  4    God:    Trog [*****.]
Gold:   957        SH: 10    Dex: 13    Spells: 11/11 levels left

rFire    . . .     SeeInvis .   z - +2 whip (distort)
rCold    + . .     Gourm    .   Z - +0 buckler
rNeg     . . .     Faith    .   j - +1 leather armour {rC+}
rPois    +         Spirit   +   (helmet restricted)
rElec    .         Reflect  +   a - scarf {Spirit}
rCorr    .         Harm     .   Y - +0 pair of gloves
MR       +....                  (no boots)
Stlth    +.........             p - +5 amulet of reflection
HPRegen  0.29/turn              F - ring of protection from magic
MPRegen  0.12/turn              W - ring of poison resistance

@: no status effects
A: retaliatory headbutt, horns 2
a: Berserk, Trog's Hand, Brothers in Arms, Renounce Religion


You were on level 11 of the Dungeon.
You worshipped Trog.
Trog was extremely pleased with you.
You were not hungry.

You visited 1 branch of the dungeon, and saw 12 of its levels.
You also visited: Ossuary and Bailey.

You collected 957 gold pieces.

Inventory:

Hand Weapons
 t - a +1 mace of crushing
 z - a +2 whip of distortion (weapon)
 B - a +3 hunting sling of freezing
 I - a +7 antimagic great mace
 N - a +6 hunting sling of freezing
 Q - a +0 hand axe of venom
Missiles
 d - 67 sling bullets
Armour
 a - a scarf of spirit shield (worn)
 e - a +0 leather armour of poison resistance
 j - a +1 leather armour of cold resistance (worn)
 U - +0 pearl dragon scales
 Y - a +0 pair of gloves (worn)
 Z - a +0 buckler (worn)
Magical Staves
 y - an uncursed staff of death {unknown}
Jewellery
 p - a +5 amulet of reflection (around neck)
 u - the amulet "Sumn" {+Rage +Inv Str+2 Slay-3}
   (You found it on level 9 of the Dungeon)

   [amulet of rage]

   It affects your strength (+2).
   It affects your accuracy and damage with ranged weapons and melee attacks
   (-3).
   It lets you turn invisible.
   It lets you go berserk.
 E - an uncursed ring of protection from fire
 F - a ring of protection from magic (left hand)
 V - an uncursed ring of see invisible
 W - a ring of poison resistance (right hand)
Wands
 n - a wand of disintegration (13)
 s - a wand of digging (2)
 J - a wand of flame (22)
 T - a wand of clouds (6)
 X - a wand of random effects (17)
Scrolls
 h - 8 scrolls of remove curse
 m - 8 scrolls of teleportation
 o - 3 scrolls of enchant weapon {unknown}
 A - 2 scrolls of blinking
 C - a scroll of silence {unknown}
 D - a scroll of immolation {unknown}
 G - a scroll of enchant armour {unknown}
 H - a scroll of identify
 M - 3 scrolls of fog {unknown}
 O - 2 scrolls of fear
 P - a scroll of summoning {unknown}
 R - a scroll of brand weapon {unknown}
Potions
 f - 3 potions of berserk rage
 g - 5 potions of curing
 i - 2 potions of lignification
 k - 2 potions of invisibility
 l - 3 potions of magic {unknown}
 q - 3 potions of resistance
 r - 3 potions of haste
 v - 3 potions of flight
 w - a potion of brilliance {unknown}
 x - 3 potions of might
 K - 3 potions of agility
 L - a potion of cancellation {unknown}
 S - a potion of ambrosia {unknown}
Comestibles
 c - 19 rations


   Skills:
 + Level 13.8 Fighting
 - Level 14.0 Maces & Flails
 - Level 0.3 Slings
 * Level 10.9 Armour
 - Level 2.1 Dodging
 - Level 0.1 Stealth
 * Level 7.0 Shields
 + Level 0.9 Evocations


You had 11 spell levels left.
You didn't know any spells.
Your spell library was empty.

Dungeon Overview and Level Annotations

Branches:
Dungeon (12/15)            Temple (0/1) D:4            Lair (0/6) D:10
    Orc: D:9-12

Altars:
Dithmenos
Fedhas
Gozag
Hepliaklqana
Kikubaaqudgha
Makhleb
Okawaru
Qazlal
Sif Muna
Uskayaw
Vehumet

Shops:
D:6 !

Portals:
Trove: D:12 (give +2 gold dragon scales)

Annotations:
D:7 exclusion: electric eel
Abyss:1 Erica, Joseph, Psyche


Innate Abilities, Weirdness & Mutations

You reflexively headbutt those who attack you in melee.
You have a pair of horns on your head.


Message History

You feel sick. The killer bee barely misses you.
You block the killer bee's attack.
There is a stone staircase leading up here.
The killer bee stings you!
* * * LOW HITPOINT WARNING * * *
The killer bee barely misses you. You furiously retaliate!
You headbutt the killer bee!
The queen bee calls on the killer bee to defend it!
The killer bee goes berserk!
The killer bee stings you but does no damage.
You climb upwards.
* * * LOW HITPOINT WARNING * * *
You feel sick.
There is a stone staircase leading down here.
Things that are here:
an arrow; a +0 scale mail of positive energy You feel better.
The killer bee barely misses you. You furiously retaliate!
You headbutt the killer bee, but do no damage.
The killer bee stings you!
You die...

..#....#.......(......#..........
..'....#...$..........#.....#####
..#....##.(.........###.....#
..((....#...........#.......#
..#.)...#...........#.......#
..#.....#.(.........##''##..#
..#.....#................#..#
#.#...(.####......#####..#..#
#.#........#....@.#...#[.#..#
#.#........'....y.'...#..#..#####
#.#.....(..#......'...#..#.......
#.#........#......#####..#.######
..#........#.............'.#
..#........#.............#.#
..#...^....###############.#
..##'#.....................#
.....'................[....#


You could see a killer bee (berserk).

Vanquished Creatures
  A hydra (D:11)
  A flayed ghost (D:12)
  2 ugly things (D:11)
  An elephant (D:10)
  A meliai (D:12)
  A troll (D:6)
  A hornet (D:11)
  4 hippogriffs
  A slime creature (D:12)
  A shadow (D:12)
  11 yaks
  A basilisk (D:10)
  2 ice beasts
  4 orc warriors
  2 sky beasts
  3 black bears
  9 ogres
  3 phantoms
  A necrophage (D:11)
  8 centaurs
  A crocodile (D:10)
  4 elf zombies (Ossuary)
  3 big kobolds
  3 bullfrogs
  5 gnoll sergeants (Bailey)
  A wyvern skeleton (D:6)
  13 killer bees
  8 wights
  2 howler monkeys
  5 crimson imps
  5 centaur zombies (Ossuary)
  3 bullfrog zombies
  6 hounds
  3 human zombies (Ossuary)
  2 jellies
  2 centaur skeletons
  Crazy Yiuf (D:2)
  8 orc priests
  8 gnoll shamans
  3 bullfrog skeletons
  3 iguanas
  9 orc wizards
  16 worker ants
  Terence (D:2)
  A killer bee zombie (D:8)
  A hound zombie (D:7)
  3 mummies (Ossuary)
  A hound skeleton (D:9)
  A worker ant zombie (D:5)
  17 gnolls
  9 adders
  3 shadow imps
  An ooze (D:4)
  2 adder zombies
  3 adder skeletons
  3 worms
  A dart slug (D:2)
  6 leopard geckos
  33 orcs
  6 giant cockroaches
  7 goblins
  8 hobgoblins
  3 jackals (D:5)
  14 kobolds
  2 quokkas
  5 bats
  A frilled lizard (D:3)
  A goblin zombie (D:4)
  2 leopard gecko skeletons
  9 rats
  A rat zombie (D:4)
  A plant (D:7)
318 creatures vanquished.

Vanquished Creatures (others)
  A cyclops (D:10)
  4 yaks
  A wraith (D:12)
  2 orc warriors (D:7)
  A phantom (D:9)
  4 centaurs
  A bullfrog (D:7)
  A big kobold (D:8)
  3 gnoll sergeants (Bailey)
  2 killer bees (D:12)
  An orc wizard (D:10)
  A bullfrog skeleton (D:8)
  A hound (D:8)
  2 iguanas
  5 gnolls (Bailey)
  A shadow imp (D:10)
  2 orcs
  5 fungi (D:7)
  7 plants
45 creatures vanquished.

Grand Total: 363 creatures vanquished

Notes
Turn   | Place    | Note
-------+----------+-------------------------------------------
     0 | D:1      | Zasran the Minotaur Berserker began the quest for the Orb.
     0 | D:1      | Reached XP level 1. HP: 19/19 MP: 0/0
   149 | D:1      | Reached skill level 4 in Maces & Flails
   149 | D:1      | Reached XP level 2. HP: 13/27 MP: 1/1
  1026 | D:2      | Reached XP level 3. HP: 28/34 MP: 2/2
  1154 | D:2      | Noticed Terence
  1168 | D:2      | Killed Terence
  1168 | D:2      | Reached ** piety under Trog
  1209 | D:2      | Found a runed translucent door.
  1210 | D:2      | Noticed Crazy Yiuf
  1326 | D:2      | Reached skill level 5 in Fighting
  1326 | D:2      | Reached XP level 4. HP: 32/42 MP: 3/3
  1453 | D:2      | Reached skill level 5 in Maces & Flails
  1633 | D:2      | Found a deep blue altar of Sif Muna.
  1746 | D:2      | Killed Crazy Yiuf
  1859 | D:3      | Reached XP level 5. HP: 43/48 MP: 4/4
  2025 | D:3      | Reached skill level 6 in Maces & Flails
  2071 | D:3      | Reached XP level 6. HP: 51/57 MP: 5/5
  2247 | D:3      | Reached skill level 7 in Maces & Flails
  2539 | D:4      | Found a staircase to the Ecumenical Temple.
  2541 | D:4      | Noticed a hippogriff
  2553 | D:4      | Killed a hippogriff
  2553 | D:4      | Reached XP level 7. HP: 66/66 MP: 6/6
  2566 | D:4      | Reached skill level 8 in Maces & Flails
  2597 | D:4      | Reached *** piety under Trog
  2617 | D:4      | Found a sand-covered staircase.
  2624 | Ossuary  | Entered an ossuary
  2711 | Ossuary  | Reached skill level 9 in Maces & Flails
  2801 | Ossuary  | Reached XP level 8. HP: 70/74 MP: 7/7
  3071 | D:4      | Reached skill level 10 in Maces & Flails
  3608 | D:4      | Found a blossoming altar of Fedhas.
  3794 | D:5      | Entered Level 5 of the Dungeon
  3935 | D:5      | Found an opulent altar of Gozag.
  4022 | D:5      | Found a shadowy altar of Dithmenos.
  4095 | D:5      | Reached skill level 11 in Maces & Flails
  4732 | D:6      | Noticed a troll
  4914 | D:6      | Reached XP level 9. HP: 83/83 MP: 8/8
  5109 | D:6      | Killed a troll
  5188 | D:6      | Found Tuzovva's Distillery.
  5190 | D:6      | Found a radiant altar of Vehumet.
  5201 | D:6      | Reached **** piety under Trog
  5255 | D:6      | Reached skill level 12 in Maces & Flails
  5293 | D:6      | Found a hide-covered altar of Uskayaw.
  5371 | D:6      | Found a stormy altar of Qazlal.
  5820 | D:7      | Found a flagged portal.
  5861 | Bailey   | Entered a bailey
  5868 | Bailey   | Reached skill level 10 in Fighting
  6530 | Bailey   | Reached skill level 13 in Maces & Flails
  7085 | D:7      | Found an iron altar of Okawaru.
  7726 | D:7      | Reached XP level 10. HP: 60/95 MP: 9/9
  8838 | D:8      | Reached skill level 14 in Maces & Flails
  8845 | D:8      | Found an ancient bone altar of Kikubaaqudgha.
  9106 | D:8      | Noticed Joseph
  9484 | D:8      | Banished Joseph
 10085 | D:8      | Noticed Erica
 10101 | D:8      | Banished Erica
 10101 | D:8      | Reached skill level 5 in Armour
 10427 | D:9      | Got a pitted jade amulet
 10627 | D:9      | Found a hazy altar of Hepliaklqana.
 10815 | D:9      | Reached ***** piety under Trog
 10897 | D:9      | Found a burning altar of Makhleb.
 10923 | D:9      | Identified the amulet "Sumn" {+Rage +Inv Str+2 Slay-3} (You
                  | found it on level 9 of the Dungeon)
 11086 | D:10     | Entered Level 10 of the Dungeon
 11087 | D:10     | Noticed a cyclops
 11279 | D:10     | Reached skill level 1 in Shields
 11279 | D:10     | Reached XP level 11. HP: 99/105 MP: 10/10
 11866 | D:10     | Found a staircase to the Lair.
 11950 | D:10     | Received a gift from Trog
 12647 | D:11     | Noticed a green ugly thing
 12660 | D:11     | Killed a green ugly thing
 12800 | D:11     | Noticed a four-headed hydra
 13224 | D:11     | Noticed a green ugly thing
 13233 | D:11     | Killed a green ugly thing
 13540 | D:11     | Reached skill level 5 in Shields
 13662 | D:11     | Noticed Psyche
 13671 | D:11     | Banished Psyche
 13671 | D:11     | Reached skill level 10 in Armour
 13756 | D:11     | Killed a four-headed hydra
 14554 | D:12     | Received a gift from Trog
 14554 | D:12     | Reached XP level 12. HP: 112/116 MP: 11/11
 14665 | D:12     | Found a portal to a secret trove of treasure.
 14695 | D:12     | HP: 2/116 [cyclops/large rock (23)]
 14754 | D:12     | HP: 1/116 [killer bee (10)]
 14756 | D:11     | Slain by a killer bee

Skill      XL: |  1  2  3  4  5  6  7  8  9 10 11 12 |
---------------+-------------------------------------+-----
Fighting       | 4 5 6 7 8 9 11 12 13 | 13.8
Maces & Flails | 4 5 6 7 9 11 13 14 | 14.0
Armour         | 7 10 | 10.9
Shields        | 1 6 7 |  7.0
Slings         | |  0.3
Dodging        | |  2.1
Stealth        | |  0.1
Evocations     | |  0.9

Action                   |  1- 3 |  4- 6 |  7- 9 | 10-12 || total
-------------------------+-------+-------+-------+-------++-------
Melee: Mace              |    70 |    87 |   160 |       ||   317
       Headbutt          |     5 |    14 |    91 |   116 ||   226
       Whip              |       |       |   238 |   543 ||   781
 Fire: Hunting sling     |       |       |     3 |       ||     3
Invok: Berserk           |     1 |     4 |     2 |     2 ||     9
       Trog's Hand       |       |       |     2 |     4 ||     6
Evoke: Wand              |       |       |       |     6 ||     6
  Use: Scroll            |       |     3 |     9 |     9 ||    21
       Potion            |       |       |     1 |     4 ||     5
  Eat: Chunk             |     2 |     3 |    10 |    18 ||    33
       Ration            |       |     1 |     3 |     3 ||     7
Armor: Animal skin       |     8 |       |       |       ||     8
       Scale mail        |    21 |     4 |    28 |    53 ||   106
       Chain mail        |       |    45 |    54 |       ||    99
       Pearl dragon scal |       |       |       |    14 ||    14
       Leather armour    |       |       |       |     4 ||     4
Dodge: Dodged            |    61 |    34 |   108 |   135 ||   338
Block: Other             |       |     5 |    55 |    15 ||    75
       Reflection        |       |       |     1 |    23 ||    24
       Buckler           |       |       |       |   112 ||   112
